 Dungeon Crawl Stone Soup version 0.18.1-8-gdd0e5ea (webtiles) character file.

357 Larett the Prestidigitator (level 6, -3/50 HPs)
             Began as a Deep Dwarf Artificer on May 28, 2016.
             Slain by Crazy Yiuf
             ... wielding a +3 quarterstaff of chaos
              (4 damage)
             ... on level 3 of the Dungeon.
             The game lasted 00:07:50 (1836 turns).

Larett the Prestidigitator (Deep Dwarf Artificer)   Turns: 1836, Time: 00:07:50

Health: -3/50      AC:  8    Str: 17    XL:     6   Next: 37%
Magic:  10/12      EV: 12    Int: 12    God:
Gold:   50         SH:  0    Dex: 13    Spells: 0 memorised, 5 levels left

rFire  . . .     SeeInvis .     p - +0 mace (protect)
rCold  . . .     Gourm    .     b - +0 leather armour
rNeg   . . .     Faith    .     (no shield)
rPois  .         Spirit   .     (no helmet)
rElec  .         Dismiss  .     (no cloak)
rCorr  .         Reflect  .     (no gloves)
SustAt .         Harm     .     (no boots)
MR     +....                    (no amulet)
Stlth  +.........               (no ring)
                                v - ring of protection from magic

@: lethally poisoned (-3 -> -3), non-regenerating, somewhat resistant to hostile
enchantments, very unstealthy
A: damage resistance, recharge devices, sense surroundings 1, slow regeneration
3
a: Device Recharging


You were on level 3 of the Dungeon.
You were not hungry.

You visited 1 branch of the dungeon, and saw 3 of its levels.

You collected 50 gold pieces.

Inventory:

Hand Weapons
 a - a +0 short sword
 p - a +0 mace of protection (weapon)
Missiles
 h - 63 stones (quivered)
 l - 38 arrows
 s - 5 javelins
 w - 17 bolts
Armour
 b - a +0 leather armour (worn)
Jewellery
 q - an uncursed ring of wizardry
 v - a ring of protection from magic (left hand)
Wands
 c - a wand of flame (11/48)
 d - a wand of enslavement (15/24)
 e - a wand of random effects (15/48)
 f - a wand of heal wounds (3/9)
Scrolls
 r - a scroll of amnesia {unknown}
 t - a scroll of identify {unknown}
 u - a scroll of remove curse {unknown}
 y - a scroll of fog {unknown}
Potions
 j - 2 potions of lignification {unknown}
 n - a potion of invisibility {unknown}
 o - a potion of agility {unknown}
 x - a potion of curing {unknown}
Comestibles
 g - a bread ration
 i - 5 fruits
 k - 4 chunks of flesh {@w1}
 m - 2 meat rations


   Skills:
 - Level 0.8 Fighting
 - Level 0.8 Short Blades
 - Level 2.1 Dodging
 - Level 1.2 Stealth
 + Level 9.5 Evocations


You had 5 spell levels left.
You didn't know any spells.

Dungeon Overview and Level Annotations

Branches:
Dungeon (3/15)

Altars:
Yredelemnul
The Shining One

Annotations:
D:3 Crazy Yiuf


Innate Abilities, Weirdness & Mutations

You are resistant to damage.
You can recharge devices by infusing magical energy.
You passively map a small area around you.
You do not regenerate naturally.


Message History

You barely miss Crazy Yiuf.
Crazy Yiuf is severely wounded.
Crazy Yiuf hits you with a quarterstaff of chaos.
* * * LOW HITPOINT WARNING * * *
You hit Crazy Yiuf.
Crazy Yiuf is severely wounded.
Crazy Yiuf hits you with a quarterstaff of chaos.
Crazy Yiuf burns you.
You barely miss Crazy Yiuf.
Crazy Yiuf is severely wounded.
Crazy Yiuf barely misses you.
You closely miss Crazy Yiuf.
Crazy Yiuf is severely wounded.
Crazy Yiuf hits you with a quarterstaff of chaos.
* * * LOW HITPOINT WARNING * * *
Crazy Yiuf draws strength from your injuries!
Crazy Yiuf hits you with a quarterstaff of chaos!
* * * LOW HITPOINT WARNING * * *
Crazy Yiuf burns you!
You die...

* * * * * ######
.....# ####.####♣♣
#### #.#.#..♣♣
♣♣#..)#
#.......♣♣♣♣.qg..#
#.#......♣..♣#...#
####.###...♣.♣♣♣
#### .....#
##♣♣♣♣♣ #.#### #.#
#.# #.# #.#


You could see Crazy Yiuf.

Vanquished Creatures
  Sigmund (D:3)
  The ghost of MetaCosm the Grasshopper, an amateur SpWr of Okawaru (D:3)
  Jessica (D:2)
  6 adders
  A worm (D:2)
  A giant gecko (D:1)
  3 giant cockroaches
  9 goblins
  5 hobgoblins
  A quokka (D:3)
  7 bats
  4 giant newts
  4 kobolds
  9 rats
53 creatures vanquished.

Notes
Turn   | Place    | Note
--------------------------------------------------------------
     0 | D:1      | Larett the Deep Dwarf Artificer began the quest for the Orb.
     0 | D:1      | Reached XP level 1. HP: 16/16 MP: 3/3
   212 | D:1      | Reached XP level 2. HP: 22/24 MP: 5/5
   614 | D:1      | Reached skill level 5 in Evocations
   901 | D:2      | Reached XP level 3. HP: 19/30 MP: 7/7
  1060 | D:2      | Reached skill level 6 in Evocations
  1244 | D:2      | Reached XP level 4. HP: 16/37 MP: 8/8
  1333 | D:2      | Found a basalt altar of Yredelemnul.
  1333 | D:2      | Noticed Jessica
  1335 | D:2      | Noticed a profane servitor
  1346 | D:2      | Killed Jessica
  1346 | D:2      | Reached skill level 7 in Evocations
  1460 | D:2      | Found a glowing golden altar of the Shining One.
  1485 | D:2      | Noticed an angel
  1529 | D:3      | Noticed Sigmund
  1538 | D:3      | HP: 5/37 [something (8)]
  1552 | D:3      | Noticed MetaCosm's ghost (amateur SpWr)
  1553 | D:3      | Killed Sigmund
  1553 | D:3      | Reached skill level 8 in Evocations
  1553 | D:3      | Reached XP level 5. HP: 31/43 MP: 9/11
  1553 | D:3      | Reached XP level 6. HP: 37/50 MP: 9/12
  1599 | D:3      | HP: 6/50 [MetaCosm's ghost (6)]
  1607 | D:3      | Killed MetaCosm's ghost
  1607 | D:3      | Reached skill level 9 in Evocations
  1820 | D:3      | Noticed Crazy Yiuf
  1836 | D:3      | HP: 1/50 [Crazy Yiuf/quarterstaff of chaos (14)]
  1836 | D:3      | Slain by Crazy Yiuf

Skill      XL: |  1  2  3  4  5  6 |
---------------+-------------------+-----
Evocations     | 5 6 8 9 |  9.5
Fighting       | |  0.8
Short Blades   | |  0.8
Dodging        | |  2.1
Stealth        | |  1.2

Action                   |  1- 3 |  4- 6 || total
-------------------------+-------+-------++-------
Melee: Short sword       |    44 |       ||    44
       Mace              |    77 |   139 ||   216
 Abil: Device Recharging |       |     1 ||     1
Evoke: Wand              |       |     9 ||     9
 Stab: Sleeping          |     2 |     2 ||     4
  Eat: Chunk             |     1 |     3 ||     4
Armor: Leather armour    |    59 |    68 ||   127
Dodge: Dodged            |   103 |    91 ||   194
